cohdb
Replays
Latest Replays
All Replays
Popular Replays
Top Player Replays
Match Explorer
How It Works
Community
CoH3 Stats
Reddit
Sign in to upload your games and track your stats! →
Sign in with Steam
Match 41912148
Unlisted
Match 41912148
Overview
Messages
Build Orders
End
Vickers Machine Gun Team
Selects Australian Defense Battlegroup
Selects Australian Light Infantry Section
Australian Light Infantry Section
Australian Light Infantry Section
Construct Section Command Post
Infantry Section
Selects 2-pounder Anti-tank Gun Team
Construct Platoon Command Post
AI Takeover
The Kaiser
Nukepapa
Dune_el
Potato slicer
0
0
Comments
sign in to comment!
No comments posted yet!